 Dungeon Crawl Stone Soup version 0.29-a0-468-ge57f7f99b4 (webtiles) character file.

Game seed: 16935187448786035026

398 benadryl the Magician (level 6, 0/43 (47) HPs)
             Began as a Draconian Conjurer on May 21, 2022.
             Slain by a wight
             ... wielding a +1 falchion of freezing
              (8 damage)
             ... on level 4 of the Dungeon.
             The game lasted 00:10:22 (4408 turns).

benadryl the Magician (Draconian Conjurer)          Turns: 4408, Time: 00:10:23

HP:   0/43 (47)     AC:  7    Str:  9    XL:     6   Next: 53%
MP:   6/13          EV: 12    Int: 21    God:
Gold: 159           SH:  5    Dex: 15    Spells: 11/14 levels left

rFire   . . .      SeeInvis .   b - +0 hunting sling
rCold   . . .      Faith    .   (no shield)
rNeg    . . .      Spirit   .   (body armour unavailable)
rPois   +          Reflect  +   (helmet restricted)
rElec   .          Harm     .   (no cloak)
rCorr   .          Rampage  .   n - +0 pair of gloves
Will    .....                   (no boots)
Stlth   ++........              p - amulet of reflection
HPRegen 0.14/turn               d - ring of poison resistance
MPRegen 0.13/turn               q - +6 ring of dexterity

@: drained
A: AC +6, unfitting armour, cold-blooded
a: no special abilities


You were on level 4 of the Dungeon.
You visited 1 branch of the dungeon, and saw 4 of its levels.

You collected 159 gold pieces.

Inventory:

Hand Weapons
 a - a +2 vampiric dagger
 b - a +0 hunting sling (weapon)
Armour
 n - a +0 pair of gloves (worn)
Magical Staves
 c - a staff of air
Jewellery
 d - a ring of poison resistance (left hand)
 l - a ring of protection from fire
 p - an amulet of reflection (around neck)
 q - a +6 ring of dexterity (right hand)
Scrolls
 i - a scroll of fear
 m - a scroll of torment {unknown}
 o - 2 scrolls of magic mapping {unknown}
 s - 2 scrolls of teleportation {unknown}
Potions
 e - a potion of magic
 g - a potion of lignification
 h - 2 potions of heal wounds
 j - a potion of degeneration {unknown}
 k - 2 potions of curing {@q1}
 r - a potion of mutation
 t - a potion of attraction {unknown}


   Skills:
 + Level 1.0 Fighting
 - Level 2.3 Slings
 - Level 2.4 Dodging
 - Level 2.5 Stealth
 * Level 4.7 Spellcasting
 + Level 4.6 Conjurations


You had 11 spell levels left.
You knew the following spells:

 Your Spells              Type           Power      Damage    Failure   Level
a - Magic Dart            Conj           96%        1d7       1%          1
b - Searing Ray           Conj           48%        2d6       2%          2

Your spell library contained the following spells:

 Spells                   Type           Power      Damage    Failure   Level
 Dazzling Flash           Conj/Hex       28%        N/A       13%         3
 Fulminant Prism          Conj/Hex       7%         3d7       38%         4
 Iskenderun's Mystic Bla  Conj/Tloc      14%        2d5       38%         4


Dungeon Overview and Level Annotations

Branches:
Dungeon (4/15)
 Temple: D:4-7

Altars:


Innate Abilities, Weirdness & Mutations

Your plain brown scales are hard. (AC +6)
You cannot fit into any form of body armour.
You are cold-blooded and may be slowed by cold attacks.


Message History

You feel drained. The wight freezes you. The wight barely misses you. x2
Unknown command.
Things that are here:
a +0 long sword; a +0 robe of willpower
Casting: Searing Ray (safe; 2% risk of failure)
Confirm with . or Enter, or press ? or * to list all spells.
Aiming: Searing Ray (safe; 2% risk of failure)
Press: ? - help, Shift-Dir - straight line, f/p - wight
Aim: a wight, wielding a +1 falchion of freezing and wearing a +0 robe (heavily damaged, 79% to hit)
The searing ray hits the wight but does no damage.
The wight is heavily damaged. (Press . to maintain the ray.)
The wight hits you with a +1 falchion of freezing!
The wight freezes you.
The searing ray hits the wight.
The wight is severely damaged.
The wight completely misses you.
The searing ray misses the wight.
The wight hits you with a +1 falchion of freezing.
You feel drained.
You feel yourself slow down. The wight freezes you.
The searing ray misses the wight.
You finish channelling your searing ray.
The wight hits you with a +1 falchion of freezing.
* * * LOW HITPOINT WARNING * * *
The wight freezes you.
* * * LOW HITPOINT WARNING * * *
Casting: Searing Ray (safe; 2% risk of failure)
Confirm with . or Enter, or press ? or * to list all spells.
Aiming: Searing Ray (safe; 2% risk of failure)
Press: ? - help, Shift-Dir - straight line, f/p - wight
Aim: a wight, wielding a +1 falchion of freezing and wearing a +0 robe (severely damaged, 79% to hit)
The searing ray hits the wight.
The wight is almost destroyed. (Press . to maintain the ray.)
You feel yourself speed up. You block the wight's attack.
The wight hits you with a +1 falchion of freezing!
You die...

###... ....# #....
######## ##...####
#÷....P. #....##.#
#.÷÷..P. #.##.#
##.P..... #....#
.##...P...
#z##.###.##.......
#@##.....##÷....÷.
#.###....#########
#.###.##.###.)....
#........##.######
#.#......###..'...
#.#......# ####...
#.#......# #......
.
#.#......###.....(
..#
#.......##......


You could see a wight.

Vanquished Creatures
  A scorpion (D:3)
  A wight (D:4)
  3 jellies (D:4)
  Natasha (D:2)
  3 orc wizards
  2 adders
  A gnoll (D:1)
  A dart slug (D:3)
  3 worms
  6 orcs
  5 ball pythons
  2 bats
  12 endoplasms
  3 giant cockroaches
  3 goblins
  3 hobgoblins
  10 kobolds
  3 quokkas
  3 frilled lizards
  7 rats
73 creatures vanquished.

Vanquished Creatures (others)
  2 fungi (D:4)
  6 toadstools (D:4)
8 creatures vanquished.

Grand Total: 81 creatures vanquished

Notes
Turn   | Place    | Note
-------+----------+-------------------------------------------
     0 | D:1      | benadryl the Draconian Conjurer began the quest for the
                  | Orb.
     0 | D:1      | Reached XP level 1. HP: 14/14 MP: 3/3
    73 | D:1      | Found a faded altar of an unknown god.
   273 | D:1      | Reached XP level 2. HP: 15/20 MP: 1/5
   757 | D:1      | Learned a level 2 spell: Searing Ray
  1094 | D:1      | Reached XP level 3. HP: 26/26 MP: 6/6
  2659 | D:2      | Noticed Natasha
  2662 | D:2      | Killed Natasha
  2663 | D:2      | Reached skill level 1 in Slings
  2663 | D:2      | Reached XP level 4. HP: 33/33 MP: 3/8
  3344 | D:3      | Reached XP level 5. HP: 21/38 MP: 2/10
  4098 | D:4      | Reached XP level 6. HP: 33/45 MP: 5/12
  4346 | D:4      | Reached skill level 1 in Fighting
  4408 | D:4      | Slain by a wight

Illustrated notes

Levels and vault maps discovered:
D:1:      wander_arrival_estate, layout_loops_ring,
          hellmonk_ecumenical_altar_blasted
D:2:      layout_basic, minmay_vboxes, uniq_natasha, uniq_crazy_yiuf_cottage
D:3:      layout_loops_ring, chequers_serial_rivers_micro_c
D:4:      cheibrodos_fertilizer, layout_basic, uniq_menkaure, uniq_duvessa

Skill      XL: |  1  2  3  4  5  6 |
---------------+-------------------+-----
Stealth        | 2 |  2.5
Dodging        | 2 |  2.4
Slings         | 1 2 |  2.3
Spellcasting   | 3 4 |  4.7
Fighting       | 1 |  1.0
Conjurations   | |  4.6

Action                   |  1- 3 |  4- 6 || total
-------------------------+-------+-------++-------
Melee: Unarmed           |    33 |       ||    33
       Dagger            |    38 |     9 ||    47
       Tailslap          |    11 |       ||    11
 Fire: Hunting sling     |    50 |    87 ||   137
 Cast: Magic Dart        |    39 |     8 ||    47
       Searing Ray       |     3 |    13 ||    16
  Use: Scroll            |     2 |     5 ||     7
 Stab: Sleeping          |     1 |       ||     1
Armor: Skin              |    32 |    26 ||    58
Dodge: Dodged            |    75 |    44 ||   119
Block: Other             |     1 |    14 ||    15

Table legend: (Time is in decaauts)
 A = Elapsed time spent in this place.
 B = Non-inter-level travel time spent in this place.
 C = Inter-level travel time spent in this place.
 D = Time resting spent in this place.
 E = Time spent auto-exploring this place.
 F = Levels seen in this place.
 G = Mean time per level.
                   A        B        C        D        E       F      G
               +--------+--------+--------+--------+--------+-----+--------+
         Total |   4463 |   4401 |     62 |   2099 |   1617 |   4 | 1115.8 |
       Dungeon |   4463 |   4401 |     62 |   2099 |   1617 |   4 | 1115.8 |
               +--------+--------+--------+--------+--------+-----+--------+

Top non-repeatable levels by time:
     D:1: 1786 daAuts
     D:3: 1116 daAuts
     D:2: 1048 daAuts
     D:4: 512 daAuts
